 Dungeon Crawl Stone Soup version 0.25-a0-310-g60f0ac2d9a (webtiles) character file.

Game seed: 11760765199915525578, levelgen mode: classic

250 Borgoz the Covered (level 6, -1/55 HPs)
             Began as a Gargoyle Berserker on Dec 24, 2019.
             Was a Believer of Trog.
             Slain by a wight
             ... wielding a +2 great sword
              (10 damage)
             ... on level 6 of the Dungeon.
             The game lasted 00:02:14 (2764 turns).

Borgoz the Covered (Gargoyle Berserker)             Turns: 2764, Time: 00:02:14

Health: -1/55      AC: 16    Str: 25    XL:     6   Next: 13%
Magic:  6/6        EV:  8    Int:  8    God:    Trog [**....]
Gold:   123        SH:  0    Dex: 11    Spells: 5/5 levels left

rFire    . . .     SeeInvis .   a - +0 falchion
rCold    . . .     Gourm    +   (no shield)
rNeg     + . .     Faith    .   w - +0 plate armour (curse)
rPois    ∞         Spirit   .   (no helmet)
rElec    +         Reflect  .   (no cloak)
rCorr    .         Harm     .   (no gloves)
MR       .....                  (no boots)
Stlth    ..........             t - amulet of the gourmand
HPRegen  0.18/turn              (no ring)
MPRegen  0.10/turn              (no ring)

@: berserking, very quick
A: negative energy resistance 1, electricity resistance, unbreathing,
petrification resistance, rot immunity, AC +4
a: Berserk, Trog's Hand, Renounce Religion


You were on level 6 of the Dungeon.
You worshipped Trog.
Trog was pleased with you.
You were hungry.

You visited 1 branch of the dungeon, and saw 4 of its levels.

You collected 123 gold pieces.

Inventory:

Hand Weapons
 a - a +0 falchion (weapon)
Missiles
 n - 2 throwing nets (quivered)
Armour
 w - a cursed +0 plate armour (worn)
Jewellery
 t - an amulet of the gourmand (around neck)
Scrolls
 d - 2 scrolls of identify {unknown}
 e - 2 scrolls of remove curse {unknown}
 f - 2 scrolls of magic mapping {unknown}
 k - a scroll of noise {unknown}
 l - 3 scrolls of teleportation {unknown}
 q - a scroll of fear {unknown}
 s - a scroll of amnesia {unknown}
 x - a scroll of random uselessness {unknown}
Potions
 g - a potion of curing {unknown}
 h - a potion of cancellation {unknown}
 i - 2 potions of haste {unknown}
 j - a potion of might {unknown}
 m - 2 potions of flight {unknown}
 o - a potion of lignification {unknown}
 p - a potion of magic {unknown}
 r - a potion of mutation {unknown}
 u - 3 potions of heal wounds {unknown}
 v - a potion of degeneration {unknown}
Comestibles
 c - 3 rations


   Skills:
 - Level 3.2 Fighting
 + Level 4.1 Long Blades
 + Level 4.3 Armour
 + Level 3.1 Dodging


You had 5 spell levels left.
You didn't know any spells.
Your spell library was empty.

Dungeon Overview and Level Annotations

Branches:
Dungeon (3/15)

Altars:
Gozag
Kikubaaqudgha


Innate Abilities, Weirdness & Mutations

You are resistant to torment.
Your stone body is resilient. (AC +4)
You are immune to poison.
You resist negative energy. (rN+)
You are resistant to electric shocks. (rElec)
You can survive without breathing.
You are immune to petrification.
You are immune to rotting.


Message History

You have reached level 6!
Your experience leads to an increase in your attributes!
Your base attributes are Str 20, Int 8, Dex 10.
Increase (S)trength, (I)ntelligence, or (D)exterity?
You feel agile. The wight closely misses you.
The wight hits you but does no damage. x2
The wight barely misses you.
You barely miss the wight.
The wight is heavily damaged.
The wight closely misses you. The wight hits you but does no damage.
The wight closely misses you.
You closely miss the wight.
The wight is heavily damaged.
The wight hits you but does no damage. x2; The wight hits you with a +2 spear.
* * * LOW HITPOINT WARNING * * *
You hit the wight.
The wight is severely damaged.
The wight hits you but does no damage.
The wight hits you with a +2 great sword!
You die...

##..## ##....##
##..## ##.###...
#..## #.## ##..
#..# #.# #<.
##.###############
###..#
.............
##....#
.#...#...#.†.
#.....#
.............
#..z@z#
.#...#...#...
#..)zz#
.............
.........#
#############
###..<...(
#........
#...$..... ##
#.......... ##.
#>.......... ##.#
##.##


You could see 4 wights.

Vanquished Creatures
  A bullfrog (D:6)
  A wight (D:6)
  A howler monkey (D:6)
  Jessica (D:3)
  An adder (D:6)
  A shadow imp (D:6)
  An ooze (D:3)
  3 worms
  2 leopard geckos
  6 bats
  A giant cockroach (D:2)
  5 goblins
  6 hobgoblins
  7 jackals (D:2)
  9 kobolds
  5 frilled lizards
  6 rats
  3 rat zombies (D:2)
60 creatures vanquished.

Notes
Turn   | Place    | Note
-------+----------+-------------------------------------------
     0 | D:1      | Borgoz the Gargoyle Berserker began the quest for the Orb.
     0 | D:1      | Reached XP level 1. HP: 14/14 MP: 1/1
   246 | D:1      | Reached XP level 2. HP: 19/19 MP: 2/2
   851 | D:2      | Reached XP level 3. HP: 20/23 MP: 3/3
   861 | D:2      | Reached ** piety under Trog
  1197 | D:2      | Found a faded altar of an unknown god.
  1523 | D:2      | Found an ancient bone altar of Kikubaaqudgha.
  1927 | D:2      | Found an opulent altar of Gozag.
  2190 | D:3      | Noticed Jessica
  2191 | D:3      | Reached XP level 4. HP: 28/28 MP: 4/4
  2206 | D:3      | Killed Jessica
  2268 | D:3      | You fall into a shaft and drop 3 floors!
  2351 | D:6      | Noticed a bullfrog
  2362 | D:6      | Killed a bullfrog
  2362 | D:6      | Reached XP level 5. HP: 14/32 MP: 5/5
  2761 | D:6      | Reached XP level 6. HP: 9/37 MP: 6/6
  2764 | D:6      | Slain by a wight

Levels and vault maps discovered:
D:1:      kennysheep_arrival_forest, layout_loops_ring
D:2:      layout_loops_corners, lemuel_zombie_altar_kikubaaqudgha, first_ration,
          chequers_ecumenical_altar_island, grunt_gozag_breadcrumbs
D:3:      layout_loops_ring, lemuel_doored_altar, nicolae_ru_path_of_blood,
          uniq_jessica
D:6:      layout_layer_cave, lemuel_coloured_pillars_altar,
          minmay_temple_entry_enclosed_plants, grunt_ministairs_11

Skill      XL: |  1  2  3  4  5 |
---------------+----------------+-----
Long Blades    | 3 4 |  4.1
Dodging        | 2 3 |  3.1
Armour         | 3 4 |  4.3
Fighting       | |  3.2

Action                   |  1- 3 |  4- 6 || total
-------------------------+-------+-------++-------
Melee: Falchion          |   125 |    56 ||   181
Invok: Berserk           |     1 |     1 ||     2
  Eat: Chunk             |     5 |     2 ||     7
Armor: Animal skin       |    48 |    12 ||    60
       Plate armour      |       |    33 ||    33
Dodge: Dodged            |    90 |    32 ||   122
       Rpst.: Falchion   |    22 |    11 ||    33

Table legend:
 A = Non-vault XP
 B = Vault XP
 C = Vault XP percentage of total XP
 D = Non-vault monster count
 E = Vault monster count
 F = Vault count percentage of total count
                 A         B        C        D         E       F
            +---------+---------+-------+---------+---------+-------
      Total |     318 |      40 |  11.2 |      56 |       4 |   6.7
            +---------+---------+-------+---------+---------+-------
        D:1 |      25 |       0 |   0.0 |      14 |       0 |   0.0
        D:2 |      41 |       3 |   6.8 |      25 |       3 |  10.7
        D:3 |      22 |      37 |  62.7 |      10 |       1 |   9.1
        D:6 |     230 |       0 |   0.0 |       7 |       0 |   0.0
            +---------+---------+-------+---------+---------+-------
